 Dungeon Crawl Stone Soup version 0.29.1-12-g30fa7ad0bf (webtiles) character file.

Game seed: 16082161035635783219

12474 lukbor the Cleaver (level 11, -1/97 HPs)
             Began as a Hill Orc Fighter on Sept 5, 2022.
             Was an Elder of Okawaru.
             Slain by a 20-headed hydra (3 damage)
             ... on level 10 of the Dungeon on Jan 6, 2023.
             The game lasted 00:45:23 (13843 turns).

lukbor the Cleaver (Hill Orc Fighter)              Turns: 13843, Time: 00:45:24

Health: -1/97      AC: 19    Str: 30    XL:     11   Next: 93%
Magic:  16/19      EV:  8    Int:  8    God:    Okawaru [****..]
Gold:   890        SH:  0    Dex: 10    Spells: 8/10 levels left

rFire   . . .      SeeInvis .   I - +2 hand axe (drain)
rCold   . . .      Faith    .   o - orb {*Rage}
rNeg    . . .      Spirit   .   O - +0 plate armour
rPois   .          Reflect  .   (no helmet)
rElec   .          Harm     .   K - +2 cloak
rCorr   .          Rampage  .   b - +0 pair of gloves
Will    +....      Rage     20% (no boots)
Stlth   ..........              R - amulet of the acrobat
HPRegen 0.26/turn               v - +6 ring of strength
MPRegen 0.16/turn               x - ring of willpower

@: on berserk cooldown, slowed, very slow
A: no striking features
a: Renounce Religion, Heroism, Finesse


You were on level 10 of the Dungeon.
You worshipped Okawaru.
Okawaru was greatly pleased with you.
You visited 2 branches of the dungeon, and saw 12 of its levels.

You collected 890 gold pieces.

Inventory:

Hand Weapons
 a - a +0 war axe
 I - a +2 hand axe of draining (weapon)
 J - a +2 hand axe of freezing
Missiles
 y - a throwing net (quivered)
Armour
 b - a +0 pair of gloves (worn)
 c - a +0 buckler
 o - an orb of wrath (worn)
 K - a +2 cloak (worn)
 O - a +0 plate armour (worn)
Jewellery
 t - a ring of fire
 v - a +6 ring of strength (left hand)
 x - a ring of willpower (right hand)
 C - a ring of flight
 M - a ring of resist corrosion
 Q - a ring of willpower
 R - an amulet of the acrobat (around neck)
Wands
 d - a wand of polymorph (12)
 B - a wand of digging (4)
 D - a wand of roots (11)
 E - a wand of acid (4)
 G - a wand of flame (7)
Scrolls
 e - 4 scrolls of vulnerability {unknown}
 g - 13 scrolls of identify {unknown}
 j - 2 scrolls of butterflies {unknown}
 k - 3 scrolls of magic mapping {unknown}
 m - 4 scrolls of enchant weapon {unknown}
 n - 2 scrolls of immolation {unknown}
 p - 10 scrolls of teleportation {unknown}
 q - 5 scrolls of noise {unknown}
 w - a scroll of acquirement {unknown}
 z - 2 scrolls of enchant armour {unknown}
 A - a scroll of poison {unknown}
 F - 3 scrolls of blinking {unknown}
 H - a scroll of brand weapon {unknown}
 N - 2 scrolls of amnesia {unknown}
Potions
 f - 4 potions of lignification {unknown}
 h - 3 potions of heal wounds {unknown}
 i - 2 potions of degeneration {unknown}
 l - a potion of cancellation {unknown}
 r - 8 potions of curing {unknown}
 s - 4 potions of flight {unknown}
 u - a potion of attraction {unknown}
 L - 2 potions of berserk rage {unknown}
 P - 2 potions of mutation {unknown}


   Skills:
 + Level 9.2 Fighting
 + Level 14.5 Axes
 + Level 10.1 Armour
 - Level 1.8 Dodging
 - Level 1.0 Stealth
 + Level 5.4 Shields
 * Level 11.7 Invocations


You had 8 spell levels left.
You knew the following spells:

 Your Spells              Type           Power      Damage    Failure   Level
a - Wereblood             Tmut           0%         N/A       99%         2

Your spell library contained the following spells:

 Spells                   Type           Power      Damage    Failure   Level
 Apportation              Tloc           0%         N/A       97%         1
 Necrotise                Necr           0%         1d4       97%         1
 Sandblast                Erth           0%         2d4       97%         1
 Shock                    Conj/Air       0%         1d3       97%         1
 Passwall                 Tmut/Erth      0%         N/A       99%         2
 Sublimation of Blood     Necr           0%         N/A       99%         2
 Conjure Flame            Conj/Fire      0%         6-21      100%        3
 Gell's Gravitas          Tloc           0%         N/A       100%        3
 Ignite Poison            Fire/Tmut/Pois 0%         N/A       100%        3
 Stone Arrow              Conj/Erth      0%         3d7       100%        3
 Swiftness                Air            0%         N/A       100%        3
 Teleport Other           Tloc           0%         N/A       100%        3
 Airstrike                Air            0%         2d(0-16)  100%        4
 Sticky Flame             Conj/Fire      0%         2d3       100%        4
 Iskenderun's Battlesphe  Conj           0%         2d6       100%        5
 Dispersal                Tloc           0%         N/A       100%        6
 Iron Shot                Conj/Erth      0%         9d1       100%        6
 Summon Small Mammal      Summ           Unusable   N/A       N/A         1
 Spellforged Servitor     Conj/Summ      Unusable   N/A       N/A         7
 Summon Hydra             Summ           Unusable   N/A       N/A         7

Dungeon Overview and Level Annotations

Branches:
Dungeon (10/15)            Temple (0/1) D:7            Lair (2/5) D:8
  Swamp: Lair:2-3    Shoals: Lair:2-3     Snake: Lair:2-3    Spider: Lair:2-3
    Orc: D:9-12

Altars:
Ashenzari
Dithmenos
Fedhas
Hepliaklqana
Makhleb
Nemelex Xobeh
Okawaru
Qazlal
Sif Muna
Trog
Uskayaw
Vehumet
Xom
Yredelemnul
Zin


Message History

The 20-headed hydra barely misses you. The 20-headed hydra bites you.
* * * LOW HITPOINT WARNING * * *
The 20-headed hydra bites you.
* * * LOW HITPOINT WARNING * * *
The 20-headed hydra bites you but does no damage.
The 20-headed hydra closely misses you. The 20-headed hydra bites you.
* * * LOW HITPOINT WARNING * * *
The 20-headed hydra closely misses you. x2
The 20-headed hydra bites you but does no damage. x2
The 20-headed hydra bites you.
* * * LOW HITPOINT WARNING * * *
The 20-headed hydra barely misses you. x2; The 20-headed hydra bites you!
* * * LOW HITPOINT WARNING * * *
The 20-headed hydra bites you but does no damage. x3
The 20-headed hydra bites you!
* * * LOW HITPOINT WARNING * * *
The 20-headed hydra barely misses you.
You feel a strong urge to attack something.
You feel your anger nearly subside.
You are no longer berserk.
You are exhausted.
You feel yourself slow down.
There is a stone staircase leading down here.
The 20-headed hydra bites you but does no damage. x3
The 20-headed hydra bites you.
* * * LOW HITPOINT WARNING * * *
The 20-headed hydra barely misses you.
The 20-headed hydra bites you but does no damage.
The 20-headed hydra bites you.
* * * LOW HITPOINT WARNING * * *
The 20-headed hydra barely misses you.
The 20-headed hydra bites you but does no damage. x2
The 20-headed hydra bites you.
* * * LOW HITPOINT WARNING * * *
The 20-headed hydra bites you but does no damage.
The 20-headed hydra bites you.
* * * LOW HITPOINT WARNING * * *
The 20-headed hydra barely misses you. The 20-headed hydra closely misses you.
The 20-headed hydra bites you but does no damage. x2
The 20-headed hydra barely misses you. The 20-headed hydra bites you.
You die...

.......... .....##'#....#
.#.....#######..#.......#
#..#.#.#P...P#..'.....###
##.#.#.#.###.#..#.....#
##.#...'.#.'.#...######
##...#.#(###.#.#.#
.#.#.#.#P...P#.#.#
...#.#.#######...#
..#.#...........@#
.#.#).####.#)#.#D#
#.#...#.#.#.##.#.###
.#.#####...........#
.#.#.##...####.#.#.########
#.##..####.##....#........#
(#)#.#......C..###........#
.#.#.#.###'###............#
.)..#..#P...P#..###.......#


You could see a 20-headed hydra (very drained).

Vanquished Creatures
  2 cyclopes (D:10)
  A manticore (D:10)
  Maurice (D:8)
  A black mamba (Lair:1)
  An unseen horror (D:9)
  A kobold demonologist (D:9)
  Psyche (D:10)
  Prince Ribbit (Lair:1)
  6 blink frogs
  26 yaks
  2 wyverns
  A wraith (D:9)
  A steam dragon (D:9)
  2 basilisks (D:8)
  8 water moccasins
  An acid dragon (D:10)
  2 black bears
  An ice beast (D:6)
  2 orc warriors
  2 sky beasts
  An ogre (D:5)
  6 wolves (Lair:1)
  2 centaurs
  A phantom (D:5)
  4 scorpions
  3 bullfrogs
  2 necrophages
  A killer bee (D:10)
  A howler monkey (D:6)
  9 orc priests
  6 hounds
  2 jellies (D:5)
  9 orc wizards
  10 adders
  A gnoll (D:2)
  A shadow imp (D:6)
  3 white imps
  2 ufetubi
  A worm (D:3)
  2 dart slugs
  35 orcs
  6 ball pythons
  5 bats
  9 endoplasms
  4 giant cockroaches
  6 goblins
  8 hobgoblins
  2 jackals (D:2)
  8 quokkas
  4 frilled lizards
  8 kobolds
  3 rats (D:1)
  A spectral orc (D:5)
229 creatures vanquished.

Vanquished Creatures (others)
  3 fungi
  10 plants
13 creatures vanquished.

Grand Total: 242 creatures vanquished

Notes
Turn   | Place    | Note
-------+----------+-------------------------------------------
     0 | D:1      | lukbor the Hill Orc Fighter began the quest for the Orb.
     0 | D:1      | Reached XP level 1. HP: 19/19 MP: 1/1
   149 | D:1      | Reached XP level 2. HP: 24/27 MP: 2/2
   154 | D:1      | Reached skill level 3 in Axes
   655 | D:1      | Reached XP level 3. HP: 33/33 MP: 3/3
  1280 | D:2      | Found a faded altar of an unknown god.
  1565 | D:2      | Reached skill level 4 in Axes
  1782 | D:2      | Got Plato's Octavo of the Zephyr
  1788 | D:2      | Reached XP level 4. HP: 38/40 MP: 4/4
  1790 | D:2      | Prayed at the altar of an unknown god.
  1790 | D:2      | Became a worshipper of Warmaster Okawaru
  1790 | D:2      | Reached * piety under Okawaru
  2645 | D:3      | Reached skill level 5 in Axes
  2776 | D:3      | Reached XP level 5. HP: 42/46 MP: 5/5
  2897 | D:3      | Found a bloodstained altar of Trog.
  3376 | D:4      | Found a radiant altar of Vehumet.
  3487 | D:4      | Reached skill level 1 in Invocations
  3529 | D:4      | Reached skill level 6 in Axes
  3529 | D:4      | Reached XP level 6. HP: 52/52 MP: 6/6
  4042 | D:5      | Entered Level 5 of the Dungeon
  4052 | D:5      | Noticed a water moccasin
  4059 | D:5      | Killed a water moccasin
  4067 | D:5      | Reached ** piety under Okawaru
  4166 | D:5      | Reached skill level 7 in Axes
  4166 | D:5      | Reached XP level 7. HP: 40/60 MP: 8/8
  4300 | D:5      | Reached skill level 5 in Armour
  4528 | D:5      | Found a basalt altar of Yredelemnul.
  4650 | D:5      | Reached skill level 8 in Axes
  4650 | D:5      | Reached skill level 1 in Dodging
  4655 | D:5      | Reached XP level 8. HP: 5/67 MP: 8/10
  4655 | D:5      | HP: 3/67 [orc wizard/+0 dagger (2)]
  4659 | D:5      | Reached skill level 5 in Fighting
  5168 | D:5      | Learned a level 2 spell: Wereblood
  5181 | D:5      | Found a glowing silver altar of Zin.
  5352 | D:5      | Found a sparkling altar of Nemelex Xobeh.
  5946 | D:6      | Reached skill level 9 in Axes
  6051 | D:6      | Reached *** piety under Okawaru
  6052 | D:6      | Reached skill level 5 in Invocations
  6267 | D:6      | Found a shimmering blue altar of Sif Muna.
  6509 | D:6      | Noticed a yak
  6510 | D:6      | Noticed a yak
  6510 | D:6      | Noticed a yak
  6510 | D:6      | Noticed a yak
  6510 | D:6      | Noticed a yak
  6511 | D:6      | Noticed a yak
  6526 | D:6      | Killed a yak
  6527 | D:6      | Reached skill level 10 in Axes
  6541 | D:6      | Killed a yak
  6542 | D:6      | Reached XP level 9. HP: 47/75 MP: 11/13
  6554 | D:6      | Reached skill level 11 in Axes
  6833 | D:6      | Reached **** piety under Okawaru
  6833 | D:6      | Received a gift from Okawaru
  7266 | D:7      | Found a hide-covered altar of Uskayaw.
  7269 | D:7      | Found a shimmering altar of Xom.
  8236 | D:7      | Found a staircase to the Ecumenical Temple.
  8438 | D:8      | Reached skill level 12 in Axes
  8535 | D:8      | Reached XP level 10. HP: 71/84 MP: 15/15
  8764 | D:8      | Found a shadowy altar of Dithmenos.
  9391 | D:8      | Noticed Maurice
  9422 | D:8      | Killed Maurice
  9489 | D:8      | Found a staircase to the Lair.
  9559 | D:8      | Reached skill level 13 in Axes
  9570 | Lair:1   | Entered Level 1 of the Lair of Beasts
  9572 | Lair:1   | Noticed Prince Ribbit
  9592 | Lair:1   | Killed Prince Ribbit
  9610 | Lair:1   | Received a gift from Okawaru
  9611 | Lair:1   | Reached skill level 1 in Stealth
  9611 | Lair:1   | Reached skill level 5 in Shields
  9953 | Lair:1   | Noticed a black mamba
  9963 | Lair:1   | Killed a black mamba
 10375 | Lair:1   | Reached XP level 11. HP: 94/94 MP: 11/18
 10380 | Lair:1   | Reached skill level 10 in Invocations
 10569 | Lair:1   | Reached skill level 14 in Axes
 11097 | Lair:1   | Upgraded the game from 0.29.0-11-gd7f09526c8 to
                  | 0.29.1-12-g30fa7ad0bf
 11500 | Lair:2   | Reached ***** piety under Okawaru
 12172 | D:9      | Found a broken altar of Ashenzari.
 12649 | D:9      | Found a blossoming altar of Fedhas.
 12658 | D:9      | Found a burning altar of Makhleb.
 12661 | D:9      | Found a hazy altar of Hepliaklqana.
 12664 | D:9      | Found a stormy altar of Qazlal.
 12910 | D:10     | Entered Level 10 of the Dungeon
 13203 | D:10     | Noticed a manticore
 13230 | D:10     | Killed a manticore
 13485 | D:10     | Noticed a cyclops
 13495 | D:10     | Killed a cyclops
 13614 | D:10     | Noticed a cyclops
 13630 | D:10     | Killed a cyclops
 13705 | D:10     | Reached skill level 10 in Armour
 13744 | D:10     | Noticed Psyche
 13752 | D:10     | Killed Psyche
 13813 | D:10     | Noticed a cyclops
 13814 | D:10     | Noticed a five-headed hydra
 13843 | D:10     | HP: 3/97 [20-headed hydra (2)]
 13843 | D:10     | Slain by a 20-headed hydra

Illustrated notes

Levels and vault maps discovered:
D:1:      wander_arrival_abandoned_jail, layout_basic, minivault_19,
          minmay_misc_feat_hallway, minmay_misc_feat_ornament
D:2:      layout_basic, shapermc_ecumenical_altar_rom_forum,
          cheibrodos_gnoll_hut
D:3:      layout_loops_corners, mainiacjoe_overflow_24_doors,
          mrwooster_statue_mirror, dreamdust_wishing_well, minmay_starry_boxes
D:4:      layout_loops_ring, vehumet_crystals, amethyst_killhole,
          grunt_ministairs_10
D:5:      layout_rooms, yredelemnul_forgotten_temple_becter,
          nemelex_dance_club_becter, mainiacjoe_overflow_paths,
          hangedman_minor_gate_pass
D:6:      layout_rooms, mainiacjoe_overflow_six_doors_small, grunt_ministairs_5
D:7:      layout_basic, mainiacjoe_overflow_catwalk_spiral,
          minmay_temple_entry_offerings
D:8:      minmay_goldmine, layout_rooms, nicolae_dithmenos_shadow_blocks,
          david_lair_generic, uniq_maurice, uniq_pikel
D:9:      layout_loops_ring, ashenzari_conservatory_becter,
          grunt_temple_overflow_cloverleaf
D:10:     layout_basic, minmay_shattered_shrine, uniq_psyche
Lair:1:   layout_small_grid, hangedman_lair_unloving_vines, uniq_prince_ribbit2
Lair:2:   layout_regular_city

Skill      XL: |  1  2  3  4  5  6  7  8  9 10 11 |
---------------+----------------------------------+-----
Axes           | 3 4 5 6 7 8 10 12 13 14 | 14.5
Fighting       | 4 5 6 7 9 |  9.2
Armour         | 4 5 6 7 8 10 | 10.1
Invocations    | 1 2 3 5 7 9 11 | 11.7
Dodging        | 1 |  1.8
Shields        | 4 5 |  5.4
Stealth        | 1 |  1.0

Action                   |  1- 3 |  4- 6 |  7- 9 | 10-12 || total
-------------------------+-------+-------+-------+-------++-------
Melee: War axe           |   107 |   143 |   238 |       ||   488
       Hand axe          |       |       |     5 |   416 ||   421
Invok: Heroism           |       |     1 |     4 |     7 ||    12
       Finesse           |       |       |       |    12 ||    12
  Use: Potion            |       |       |     1 |       ||     1
Armor: Scale mail        |    54 |       |       |       ||    54
       Chain mail        |    11 |    82 |   120 |    67 ||   280
       Plate armour      |       |       |       |    95 ||    95
Dodge: Dodged            |    69 |    47 |    92 |   139 ||   347
Block: Buckler           |    25 |    35 |    47 |    30 ||   137
